 Dungeon Crawl Stone Soup version 0.17-a0-1176-g3d5a0d0 (webtiles) character file.

174 Hanyuu the Insei (level 5, -3/34 HPs)
             Began as an Octopode Transmuter on May 31, 2015.
             Slain by a phantom (6 damage)
             ... on level 4 of the Dungeon.
             The game lasted 00:09:50 (3500 turns).

Hanyuu the Insei (Octopode Transmuter)              Turns: 3500, Time: 00:09:50

Health: -3/34      AC:  1    Str: 10    XL:     5   Next: 54%
Magic:  3/8        EV: 12    Int: 16    God:
Gold:   139        SH:  0    Dex: 12    Spells: 3 memorised, 2 levels left

rFire  . . .     SeeInvis .       - Unarmed
rCold  . . .     Clarity  .     (no shield)
rNeg   . . .     SustAt   .     (helmet restricted)
rPois  +         Gourm    .     (no amulet)
rElec  .         Spirit   .     j - ring of wizardry
rCorr  .         Warding  .     r - ring of protection from magic
rMut   .         Stasis   .     s - ring of poison resistance
MR     +....                    e - ring of wizardry
Stlth  ++........               (no ring)
                                (no ring)
                                (no ring)
                                (no ring)

@: somewhat resistant to hostile enchantments, unstealthy
A: almost no armour, amphibious, 8 rings, constrict 8, camouflage 1, gelatinous
body 1
a: no special abilities


You were on level 4 of the Dungeon.
You were hungry.

You visited 1 branch of the dungeon, and saw 4 of its levels.

You collected 139 gold pieces.

Inventory:

Missiles
 a - 26 arrows
 l - 31 poisoned needles
Jewellery
 e - a ring of wizardry (on tentacle)
 j - a ring of wizardry (left tentacle)
 r - a ring of protection from magic (right tentacle)
 s - a ring of poison resistance (on tentacle)
Scrolls
 g - a scroll of fear
 i - a scroll of noise {unknown}
 m - a scroll of enchant armour {unknown}
 n - a scroll of recharging {unknown}
 q - a scroll of fog
 u - a scroll of random uselessness {unknown}
Potions
 d - 2 potions of invisibility
 h - 5 potions of brilliance
 p - a potion of flight {unknown}
 t - a potion of might {unknown}
Books
 b - a book of Changes

   Spells                             Type                      Level
   a - Beastly Appendage              Transmutation                1
   b - Sticks to Snakes               Transmutation                2
   c - Spider Form                    Transmutation/Poison         3
   d - Ice Form                       Ice/Transmutation            4
   e - Blade Hands                    Transmutation                5
Comestibles
 c - 3 bread rations
 k - 2 meat rations
 o - 2 chunks of flesh


   Skills:
 - Level 2.0 Fighting
 + Level 2.7 Dodging
 * Level 5.4 Unarmed Combat
 - Level 2.0 Spellcasting
 - Level 2.0 Transmutations


You had 2 spell levels left.
You knew the following spells:

 Your Spells              Type           Power        Failure   Level  Hunger
a - Beastly Appendage     Trmt           #.....       2%          1    #......
b - Sticks to Snakes      Trmt           #.........   4%          2    ###....
c - Spider Form           Trmt/Pois      #.........   11%         3    ###....


Dungeon Overview and Level Annotations

Branches:
Dungeon (4/15)
 Temple: D:4-7

Altars:
Fedhas
Xom


Innate Abilities, Weirdness & Mutations

You cannot wear most types of armour.
You are amphibious.
You can wear up to eight rings at the same time.
You can use your tentacles to constrict eight enemies at once.
Your skin changes colour to match your surroundings (Stealth).
Your rubbery body absorbs attacks (AC +1).


Message History

You don't have enough magic to cast that spell.
You barely miss the phantom.
The phantom is severely damaged.
The phantom misses you.
You closely miss the phantom.
The phantom is severely damaged.
The phantom misses you.
You miss the phantom.
The phantom is severely damaged.
You bludgeon the phantom!
The phantom is almost destroyed.
The phantom barely misses you.
You closely miss the phantom.
The phantom is almost destroyed.
The phantom hits you.
* * * LOW HITPOINT WARNING * * *
You barely miss the phantom.
The phantom is almost destroyed.
The phantom hits you.
You die...

,**.,*#...,.......#**,,,***,**
,**..##...,,...#..# *,,,,,*,**
,,,.......**#.....# *,,***,,,*
,.,.......###.....# *,** *,***
,..###............#**,* *,*
*.......##........#*,.# *,*
*,,.....*#..#.....##..# **,*****
,,,.#...##..##.....)..#**,,,,,,**
,*,,*#..#..####.@W###..,,******,*
,,*,,#....####...## **,,,* ***
*.....###).#...#.#* **,,,*
*#..*** ##...###..#**,,,,**
*.,,** #.### #......,,,,** ,,**,*
#.# #.##..#*##.,* ,***,***##.##
#.#*#.##...**
,,,,,,,,#...####.###.....#*
,,,,,*#..##...##.##....#.#


You could see a phantom.

Vanquished Creatures
  An orc priest (D:3)
  6 adders
  2 oozes
  An adder skeleton (D:3)
  3 worms
  A giant gecko (D:3)
  2 orcs (D:3)
  5 giant cockroaches
  10 goblins
  10 hobgoblins
  4 jackals (D:3)
  7 kobolds
  2 quokkas (D:2)
  5 bats (D:2)
  2 giant newts
  7 rats
68 creatures vanquished.

Notes
Turn   | Place    | Note
--------------------------------------------------------------
     0 | D:1      | Hanyuu the Octopode Transmuter began the quest for the Orb.
     0 | D:1      | Reached XP level 1. HP: 13/13 MP: 3/3
   321 | D:1      | Reached XP level 2. HP: 18/18 MP: 5/5
   980 | D:2      | Reached skill level 4 in Unarmed Combat
   980 | D:2      | Reached XP level 3. HP: 11/23 MP: 4/6
   984 | D:2      | Learned a level 2 spell: Sticks to Snakes
   988 | D:2      | Learned a level 3 spell: Spider Form
  2016 | D:2      | Reached XP level 4. HP: 29/29 MP: 5/7
  2351 | D:3      | Reached skill level 5 in Unarmed Combat
  2351 | D:3      | Reached XP level 5. HP: 11/34 MP: 4/8
  3149 | D:3      | Found a shimmering altar of Xom.
  3149 | D:3      | Found a blossoming altar of Fedhas.
  3461 | D:4      | Noticed a phantom
  3500 | D:4      | Slain by a phantom

Vault maps used:
D:1:      eino_arrival_druids_welcome, minmay_misc_feat_diagonals, hex_large
D:2:      first_bread
D:3:      gammafunk_temple_overflow_pools
D:4:      nemelex_xobeh_ov_fountains_minmay, old_standard_altar,
          vehumet_altar_wand_db, uniq_grinder

Action                   |  1- 3 |  4- 6 || total
-------------------------+-------+-------++-------
Melee: Unarmed           |   101 |   107 ||   208
 Cast: Beastly Appendage |     5 |     3 ||     8
       Spider Form       |     1 |     5 ||     6
  Use: Scroll            |       |     5 ||     5
 Stab: Sleeping          |    15 |     3 ||    18
  Eat: Chunk             |     4 |     4 ||     8
